cohdb
Replays
Latest Replays
All Replays
Popular Replays
Top Player Replays
Match Explorer
How It Works
Community
CoH3 Stats
Reddit
Sign in to upload your games and track your stats! →
Sign in with Steam
Match 35142378
Unlisted
Match 35142378
Overview
Messages
Build Orders
End
Selects Armored Battlegroup
Selects Assault Engineers
Assault Engineer Squad
Construct Barracks
Riflemen Squad
M1 Mortar Team
Grenade Package
Riflemen Squad
Construct Medical Station
Selects M31 Recovery Vehicle
Construct Weapon Support Center
M1919 Machine Gun Team
captainbros
(B)urn (L)oot (M)urder
CitizenKane
s73r01d
Carius
rtavarestuga
0
0
Comments
sign in to comment!
No comments posted yet!